 Dungeon Crawl Stone Soup version 0.20.1-1-g8b1a95d (webtiles) character file.

111 Inarius the Grave Robber (level 4, -2/32 HPs)
             Began as a Demonspawn Necromancer on July 16, 2017.
             Killed by divine providence
             ... invoked by an orc priest
              (16 damage)
             ... on level 3 of the Dungeon.
             The game lasted 00:06:53 (2567 turns).

Inarius the Grave Robber (Demonspawn Necromancer)   Turns: 2567, Time: 00:06:54

Health: -2/32      AC:  7    Str:  8    XL:     4   Next: 62%
Magic:  3/8        EV: 10    Int: 18    God:
Gold:   118        SH:  0    Dex: 13    Spells: 3/8 levels left

rFire    + . .     SeeInvis .   j - +0 short sword
rCold    . . .     Gourm    .   (no shield)
rNeg     . . .     Faith    .   n - +0 ring mail
rPois    .         Spirit   .   (no helmet)
rElec    .         Reflect  .   (no cloak)
rCorr    .         Harm     .   (no gloves)
MR       .....                  (no boots)
Stlth    ++........             (no amulet)
Regen    0.1/turn               (no ring)
MPRegen  0.2/turn               (no ring)

@: no status effects
A: yellow scales 1, fire resistance 1, nightstalker 1
a: no special abilities


You were on level 3 of the Dungeon.
You were not hungry.

You visited 1 branch of the dungeon, and saw 3 of its levels.

You collected 118 gold pieces.

Inventory:

Hand Weapons
 j - a +0 short sword (weapon)
Armour
 n - a +0 ring mail (worn)
Scrolls
 a - 4 scrolls of remove curse
 d - a scroll of enchant armour {unknown}
 e - 2 scrolls of teleportation {unknown}
 f - a scroll of enchant weapon {unknown}
 l - a scroll of identify {unknown}
 o - a scroll of random uselessness {unknown}
 p - a scroll of fog {unknown}
Potions
 g - a potion of brilliance {unknown}
 i - a potion of might {unknown}
 k - 3 potions of mutation {unknown}
 m - a potion of degeneration {unknown}
 q - a potion of agility {unknown}
 s - a potion of heal wounds {unknown}
Books
 b - a book of Necromancy

   Spells                             Type                      Level
   a - Pain                           Necromancy                   1
   b - Animate Skeleton               Necromancy                   1
   c - Vampiric Draining              Necromancy                   3
   d - Regeneration                   Charms/Necromancy            3
   e - Animate Dead                   Necromancy                   4
   f - Control Undead                 Necromancy                   4
Comestibles
 c - 2 bread rations
 h - 3 royal jellies


   Skills:
 * Level 1.2 Fighting
 * Level 1.3 Armour
 + Level 1.9 Dodging
 - Level 1.7 Stealth
 + Level 2.7 Spellcasting
 + Level 5.5 Necromancy


You had 3 spell levels left.
You knew the following spells:

 Your Spells              Type           Power        Failure   Level  Hunger
a - Pain                  Necr           ###.         5%          1    None
b - Animate Skeleton      Necr           N/A          5%          1    None
c - Vampiric Draining     Necr           ###.......   16%         3    ###....


Dungeon Overview and Level Annotations

Branches:
Dungeon (3/15)

Altars:
Ashenzari
Fedhas
Gozag
Qazlal
Yredelemnul


Innate Abilities, Weirdness & Mutations

You are partially covered in yellow scales. (AC +2)
Your flesh is heat resistant. (rF+)
You are slightly more attuned to the shadows.


Message History

The orc writhes in agony!
You kill the orc!
Casting: Pain
Confirm with . or Enter, or press ? or * to list all spells.
Aiming: Pain
Press: ? - help, Shift-Dir - straight line, f - orc
Aim: an orc, wielding a hand axe (chance to defeat MR: 91%)
The orc writhes in agony!
The orc priest mumbles some strange prayers to Beogh against you.
Beogh smites you!
Casting: Pain
Confirm with . or Enter, or press ? or * to list all spells.
Aiming: Pain
Press: ? - help, Shift-Dir - straight line, f/p - orc
Aim: an orc, wielding a hand axe (lightly wounded, chance to defeat MR: 91%)
The orc writhes in agony!
The orc closely misses you.
The orc priest invokes the aid of Beogh against you.
Beogh smites you!
Ouch! That really hurt!
You die...

......# #.....##
.###..###.###..##
..##......###...##
..Z.....(.o......###
..#####..##.........
#.# #>.###.....###
#.# #..........>..
#.# ##.####..#####
#.# #.# #...@o.# #.#
######.# #.#
...oo..# #####..#
#..# #..# #..# #..#


You could see an orc priest and an orc.

Vanquished Creatures
  3 gnolls (D:2)
  2 adders (D:3)
  A worm (D:2)
  A dart slug (D:1)
  2 orcs (D:3)
  7 bats
  4 giant cockroaches
  7 goblins
  2 hobgoblins (D:2)
  3 jackals (D:1)
  6 kobolds
  A frilled lizard (D:1)
  4 rats
43 creatures vanquished.

Vanquished Creatures (collateral kills)
  A shadow imp (D:3)
  3 giant cockroaches
  5 jackals
  4 kobolds
13 creatures vanquished.

Grand Total: 56 creatures vanquished

Notes
Turn   | Place    | Note
-------+----------+-------------------------------------------
     0 | D:1      | Inarius the Demonspawn Necromancer began the quest for the Orb.
     0 | D:1      | Reached XP level 1. HP: 13/13 MP: 3/3
    35 | D:1      | Learned a level 1 spell: Animate Skeleton
   132 | D:1      | Gained mutation: You are slightly more attuned to the shadows. [demonic ancestry]
   132 | D:1      | Reached XP level 2. HP: 14/20 MP: 1/5
   881 | D:1      | Reached skill level 5 in Necromancy
   944 | D:2      | Gained mutation: You are partially covered in yellow scales. (AC +2) [demonic ancestry]
   944 | D:2      | Reached XP level 3. HP: 24/25 MP: 3/6
  1106 | D:2      | Reached skill level 1 in Armour
  1484 | D:2      | Gained mutation: Your flesh is heat resistant. (rF+) [demonic ancestry]
  1484 | D:2      | Reached XP level 4. HP: 31/31 MP: 5/7
  1595 | D:2      | Learned a level 3 spell: Vampiric Draining
  1602 | D:2      | Reached skill level 1 in Fighting
  1719 | D:2      | Found a stormy altar of Qazlal.
  1722 | D:2      | Found a blossoming altar of Fedhas.
  1871 | D:2      | Found a basalt altar of Yredelemnul.
  1874 | D:2      | Found an opulent altar of Gozag.
  1874 | D:2      | Found a shattered altar of Ashenzari.
  2567 | D:3      | Killed from afar by an orc priest

Skill      XL: |  1  2  3  4 |
---------------+-------------+-----
Necromancy     | 5 |  5.5
Armour         | 1 |  1.3
Fighting       | 1 |  1.2
Dodging        | |  1.9
Stealth        | |  1.7
Spellcasting   | |  2.7

Action                   |  1- 3 |  4- 6 || total
-------------------------+-------+-------++-------
Melee: Unarmed           |    12 |       ||    12
       Short sword       |    27 |    29 ||    56
 Cast: Pain              |    36 |    30 ||    66
       Animate Skeleton  |    13 |     5 ||    18
  Use: Scroll            |       |     1 ||     1
 Stab: Sleeping          |     1 |     1 ||     2
  Eat: Chunk             |     2 |     4 ||     6
Armor: Leather armour    |    15 |       ||    15
       Ring mail         |       |    16 ||    16
Dodge: Dodged            |    39 |    20 ||    59
